 Dungeon Crawl Stone Soup version 0.24-a0-307-gf989941 (webtiles) character file.

Game seed: 13831667083113363552

69 MisterFreud the Slasher (level 4, -1/31 HPs)
             Began as an Octopode Fighter on May 12, 2019.
             Slain by Natasha (5 damage)
             ... on level 2 of the Dungeon.
             The game lasted 00:02:10 (1765 turns).

MisterFreud the Slasher (Octopode Fighter)          Turns: 1765, Time: 00:02:10

Health: -1/31      AC:  1    Str: 15    XL:     4   Next: 20%
Magic:  4/4        EV: 11    Int: 11    God:
Gold:   30         SH:  8    Dex: 11    Spells: 3/3 levels left

rFire    . . .     SeeInvis .   a - +0 long sword
rCold    . . .     Gourm    .   b - +0 shield
rNeg     . . .     Faith    .   (helmet restricted)
rPois    .         Spirit   .   (no amulet)
rElec    .         Reflect  .   (no ring)
rCorr    .         Harm     .   (no ring)
MR       .....                  (no ring)
Stlth    ++........             (no ring)
HPRegen  0.10/turn              (no ring)
MPRegen  0.09/turn              (no ring)
                                (no ring)
                                (no ring)

@: no status effects
A: almost no armour, stealthy swim, amphibious, 8 rings, constrict 8, camouflage
1, gelatinous body 1
a: no special abilities


You were on level 2 of the Dungeon.
You were not hungry.

You visited 1 branch of the dungeon, and saw 2 of its levels.

You collected 30 gold pieces.

Inventory:

Hand Weapons
 a - a +0 long sword (weapon)
 n - a +0 hunting sling
Missiles
 e - 35 arrows
 l - 34 stones (quivered)
Armour
 b - a +0 shield (worn)
Scrolls
 i - a scroll of noise {unknown}
 j - 2 scrolls of identify {unknown}
 k - a scroll of enchant weapon {unknown}
 m - a scroll of magic mapping {unknown}
Potions
 c - a potion of might
 g - a potion of mutation {unknown}
 h - a potion of cancellation {unknown}
 o - a potion of brilliance {unknown}
Comestibles
 d - 3 rations
 f - 3 chunks of flesh


   Skills:
 - Level 3.0 Fighting
 + Level 4.3 Long Blades
 - Level 3.0 Dodging
 - Level 3.0 Shields


You had 3 spell levels left.
You didn't know any spells.
Your spell library was empty.

Dungeon Overview and Level Annotations

Branches:
Dungeon (2/15)

Altars:

Annotations:
D:2 Natasha


Innate Abilities, Weirdness & Mutations

You cannot wear most types of armour.
You are very stealthy in the water. (Stealth+)
You are amphibious.
You can wear up to eight rings at the same time.
You can use your tentacles to constrict eight enemies at once.
Your skin changes colour to match your surroundings (Stealth+).
Your rubbery body absorbs attacks. (AC +1, EV +1)


Message History

You butcher the worm corpse.
f - 3 chunks of flesh Natasha, Servant of Life and Death comes into view.
Natasha moves out of view.
Things that are here:
a +0 dagger; a kobold corpse Natasha is too close now for your liking.
Natasha hisses.
Natasha stares at you and mumbles some strange words.
The magic dart hits you.
You barely miss Natasha. Your grab misses Natasha. You block Natasha's attack.
You closely miss Natasha. Your grab misses Natasha. You squeeze Natasha.
Natasha is lightly wounded.
Natasha claws you. Natasha claws you!
* * * LOW HITPOINT WARNING * * *
You closely miss Natasha. You grab Natasha.
Natasha is lightly wounded.
You constrict Natasha, but do no damage.
Natasha claws you.
You die...

#..# #.#.## . #..# #.#...
... #..# #....# #.# #..#
#....# #.# #..# #....# ##.##
...# ##....# #...#
#..#####.....###...###
#....................#####.#
#..###.###...[.h@...)>....[#
........)..[.........#######
##.#####<###.###...### ...#
##.#..###...# ##>#
##.#..<##.## #.# #####.##.#
#.# #.##.# #.### #)##.#
#...# #.##.#


You could see Natasha.

Vanquished Creatures
  Natasha (D:2)
  An adder (D:2)
  2 worms (D:2)
  4 orcs (D:2)
  3 goblins (D:1)
  3 hobgoblins
  A ball python (D:1)
  3 bats
  3 frilled lizards (D:1)
  6 kobolds
  3 rats
30 creatures vanquished.

Notes
Turn   | Place    | Note
-------+----------+-------------------------------------------
     0 | D:1      | MisterFreud the Octopode Fighter began the quest for the
                  | Orb.
     0 | D:1      | Reached XP level 1. HP: 16/16 MP: 1/1
   135 | D:1      | Reached XP level 2. HP: 19/21 MP: 2/2
   589 | D:1      | Reached skill level 3 in Long Blades
  1264 | D:2      | Reached XP level 3. HP: 22/26 MP: 3/3
  1576 | D:2      | Noticed Natasha
  1584 | D:2      | Killed Natasha
  1584 | D:2      | Reached skill level 4 in Long Blades
  1584 | D:2      | Reached XP level 4. HP: 17/31 MP: 4/4
  1757 | D:2      | Noticed Natasha
  1765 | D:2      | Slain by Natasha

Levels and vault maps discovered:
D:1:      enne_arrival_octagon_isle, layout_basic, kennysheep_nondescript,
          chequers_serial_rivers_micro_c
D:2:      layout_loops_ring, first_ration, uniq_natasha

Skill      XL: |  1  2  3 |
---------------+----------+-----
Long Blades    | 3 4 |  4.3
Fighting       | |  3.0
Dodging        | |  3.0
Shields        | |  3.0

Action                   |  1- 3 |  4- 6 || total
-------------------------+-------+-------++-------
Melee: Long sword        |    47 |     7 ||    54
       Constrict         |    18 |     2 ||    20
       Tentacles         |     6 |     3 ||     9
 Stab: Sleeping          |     8 |     1 ||     9
  Eat: Chunk             |     2 |     1 ||     3
Armor: Skin              |     1 |       ||     1
Dodge: Dodged            |    17 |     1 ||    18
Block: Shield            |    12 |     1 ||    13
       Rpst.: Long sword |     7 |     1 ||     8

Table legend:
 A = Non-vault XP
 B = Vault XP
 C = Vault XP percentage of total XP
 D = Non-vault monster count
 E = Vault monster count
 F = Vault count percentage of total count
                 A         B        C        D         E       F
            +---------+---------+-------+---------+---------+-------
      Total |      64 |      35 |  35.4 |      29 |       1 |   3.3
            +---------+---------+-------+---------+---------+-------
        D:1 |      20 |       0 |   0.0 |      16 |       0 |   0.0
        D:2 |      44 |      35 |  44.3 |      13 |       1 |   7.1
            +---------+---------+-------+---------+---------+-------
